 Dungeon Crawl Stone Soup version 0.31.0 (webtiles) character file.

Game seed: 6944525812721755609

86 qw the Shooter (level 4, 0/28 HPs)
             Began as a Gargoyle Hunter on Jan 19, 2024.
             Slain by a cerulean imp
             ... wielding a +1 spear
             ... summoned by Natasha
              (1 damage)
             ... on level 2 of the Dungeon.
             The game lasted 00:00:04 (1575 turns).

qw the Shooter (Gargoyle Hunter)                    Turns: 1575, Time: 00:00:05

Health: 0/28       AC:  6    Str: 14    XL:     4   Next: 49%
Magic:  4/4        EV: 11    Int: 10    God:
Gold:   52         SH:  0    Dex: 15    Spells: 3/3 levels left

rFire   . . .        a - +0 shortbow
rCold   . . .        (shield currently unavailable)
rNeg    + . .        c - +0 leather armour
rPois   inf          (no helmet)
rElec   +            (no cloak)
rCorr   .            (no gloves)
SInv    .            (no boots)
Will    .....        (no amulet)
Stlth   ++           (no ring)
HPRegen 0.24/turn    (no ring)
MPRegen 0.09/turn

%: no passive effects
@: no status effects
A: sickness immunity, AC +3, negative energy resistance 1, electricity
resistance, torment resistance 1, petrification resistance
a: no special abilities


You were on level 2 of the Dungeon.
You visited 1 branch of the dungeon, and saw 2 of its levels.

You collected 52 gold pieces.


Innate Abilities, Weirdness & Mutations

You are immune to sickness and miasma.
Your stone body is resilient. (AC +3)
You are immune to poison.
You resist negative energy. (rN+)
You are resistant to electric shocks. (rElec)
You are resistant to unholy torment.
You are immune to petrification.


   Skills:
 - Level 3.0 Fighting
 + Level 5.4 Ranged Weapons
 - Level 1.5 Dodging
 - Level 1.1 Stealth


You had 3 spell levels left.
You didn't know any spells.
Your spell library was empty.

Inventory:

Hand Weapons
 a - a +0 shortbow (weapon)
Armour
 c - a +0 leather armour (worn)
 g - a +0 ring mail
 i - the +5 ring mail of Guxet {rElec}
   (You found it on level 2 of the Dungeon)

   rElec:     It insulates you from electricity.
Jewellery
 d - a ring of ice
Wands
 h - a wand of paralysis (13)
Scrolls
 b - a scroll of teleportation {unknown}
 e - a scroll of identify
Potions
 f - a potion of might

Dungeon Overview and Level Annotations

Branches:
Dungeon (2/15)

Altars:

Shops:
D:1 (

Annotations:
D:2 Natasha


Message History

Natasha stares at you and mumbles some strange words.
The magic dart hits you.
You shoot an arrow. The arrow misses Natasha.
Natasha claws you.
You shoot an arrow. The arrow closely misses Natasha.
Natasha claws you.
You shoot an arrow. The arrow hits Natasha.
Natasha is lightly wounded.
Natasha growls.
Natasha barely misses you.
You shoot an arrow.
The arrow hits Natasha but does no damage.
Natasha is lightly wounded.
Natasha barely misses you.
You shoot an arrow. The arrow hits Natasha.
Natasha is heavily wounded.
Natasha claws you but does no damage.
Natasha mumbles some strange words.
Natasha shimmers violently.
Natasha claws you.
You shoot an arrow. The arrow barely misses Natasha.
Natasha wildly gestures.
You feel troubled. Natasha claws you but does no damage.
You shoot an arrow. The arrow hits Natasha.
Natasha is almost dead.
Natasha claws you.
You shoot an arrow. The arrow completely misses Natasha.
Natasha claws you.
You shoot an arrow. The arrow barely misses Natasha.
Natasha wildly gestures.
You feel disoriented.
Natasha casts a spell.
You shoot an arrow. The arrow completely misses Natasha.
Natasha mumbles some strange words.
The cerulean imp barely misses you.
You shoot an arrow. The arrow closely misses Natasha.
Natasha claws you.
The cerulean imp hits you from afar with a +1 spear.
You die...

##........#.....#..........|.....
..(......)#.###.#.##.............
###.........# #.#.#######...####.
#.......### #...# #........
######### ##.## #..%##### #.#
#...# #.# #...# #.# ##.## #@# #.#
.######h#########.#####
......5...............##
##..#######'#######..... #..# #.#
#.#.## #..# #####.##### #...##
#..# #...'.'...# #.#### #..#
#.###.###.# #.###. #..# #.# #.#
#.# #.....


You could see Natasha and a cerulean imp (summoned).

Vanquished Creatures
  Natasha (D:2)
  A gnoll (D:1)
  A dart slug (D:2)
  A ribbon worm (D:2)
  4 endoplasms
  3 giant cockroaches (D:1)
  4 goblins
  9 hobgoblins
  3 quokkas
  7 ball pythons
  4 bats
  A frilled lizard (D:2)
  3 rats (D:1)
42 creatures vanquished.

Notes
Turn   | Place    | Note
-------+----------+-------------------------------------------
     0 | D:1      | qw the Gargoyle Hunter began the quest for the Orb.
     0 | D:1      | Reached XP level 1. HP: 12/12 MP: 1/1
     0 | D:1      | 0 ||| qw: Version: 0.3-a-132-g3d54051
     0 | D:1      | 0 ||| qw: Game counter: 310
     0 | D:1      | 0 ||| qw: Melee chars always use a shield: true
     0 | D:1      | 0 ||| qw: God list: Okawaru
     0 | D:1      | 0 ||| qw: Allow faded altars: false
     0 | D:1      | 0 ||| qw: Do Orc after clearing Dungeon:15 true
     0 | D:1      | 0 ||| qw: Do second Lair branch before Depths: true
     0 | D:1      | 0 ||| qw: Lair rune preference: random
     0 | D:1      | 0 ||| qw: Goals: Normal
     0 | D:1      | 0 ||| PLANNING D:1-11
   117 | D:1      | Found Bareckam's Weapon Boutique.
   161 | D:1      | Reached XP level 2. HP: 17/17 MP: 2/2
   396 | D:1      | Reached XP level 3. HP: 21/21 MP: 3/3
   434 | D:1      | Reached skill level 5 in Ranged Weapons
   948 | D:1      | 948 ||| READING scroll labelled HODDOAG NAUL.
   949 | D:1      | 949 ||| READING 2 scrolls labelled ACWOIG AMU.
   949 | D:1      | 949 ||| IDENTIFYING sapphire potion
   950 | D:1      | 950 ||| DROPPING scroll of butterflies.
  1211 | D:2      | Reached skill level 3 in Fighting
  1218 | D:2      | Reached XP level 4. HP: 28/28 MP: 4/4
  1341 | D:2      | Noticed Natasha
  1346 | D:2      | Killed Natasha
  1415 | D:2      | Identified the +5 ring mail of Guxet {rElec}
  1561 | D:2      | Noticed Natasha
  1572 | D:2      | HP: 5/28 [Natasha (4)]
  1575 | D:2      | HP: 1/28 [Natasha (4)]
  1575 | D:2      | Slain by a cerulean imp

Levels and vault maps discovered:
D:1:      dpeg_arrival_three_same_balls, layout_loops_ring, serial_shops,
          nicolae_shop_hallway_stairs
D:2:      layout_loops_cross, minmay_door_square, supply_closet_lemuel,
          uniq_natasha

Skill      XL: |  1  2  3 |
---------------+----------+-----
Ranged Weapons | 5 |  5.4
Fighting       | 3 |  3.0
Dodging        | |  1.5
Stealth        | |  1.1

Action                     |  1- 3 |  4- 6 || total
---------------------------+-------+-------++-------
   Fire: Shortbow          |   104 |    23 ||   127
    Use: Scroll            |     2 |       ||     2
 Armour: Leather armour    |    13 |    13 ||    26
  Dodge: Dodged            |    24 |     5 ||    29

Table legend:
 A = Non-vault XP
 B = Vault XP
 C = Vault XP percentage of total XP
 D = Non-vault monster count
 E = Vault monster count
 F = Vault count percentage of total count
                 A         B        C        D         E       F
            +---------+---------+-------+---------+---------+-------
      Total |      86 |      37 |  30.1 |      41 |       1 |   2.4
            +---------+---------+-------+---------+---------+-------
        D:1 |      56 |       0 |   0.0 |      27 |       0 |   0.0
        D:2 |      30 |      37 |  55.2 |      14 |       1 |   6.7
            +---------+---------+-------+---------+---------+-------
